 Dungeon Crawl Stone Soup version 0.22-b1-26-g9dbaab1112 (webtiles) character file.

183 Pisosu the Covered (level 5, 0/47 HPs)
             Began as a Minotaur Fighter on Aug 8, 2018.
             Slain by an orc wizard
             ... wielding a +0 dagger
              (3 damage)
             ... on level 3 of the Dungeon.
             The game lasted 00:05:46 (1907 turns).

Pisosu the Covered (Minotaur Fighter)               Turns: 1907, Time: 00:05:46

Health: 0/47       AC:  8    Str: 27    XL:     5   Next: 35%
Magic:  4/4        EV:  8    Int:  5    God:
Gold:   124        SH: 10    Dex:  9    Spells: 4/4 levels left

rFire    x . .     SeeInvis .   a - +0 flail
rCold    + . .     Gourm    .   c - +0 shield
rNeg     . . .     Faith    .   b - +0 scale mail
rPois    .         Spirit   .   (helmet restricted)
rElec    .         Reflect  .   x - scarf {repulsion}
rCorr    .         Harm     .   g - +0 pair of gloves
MR       .....                  (no boots)
Stlth    ..........             (no amulet)
HPRegen  0.15/turn              j - ring of ice
MPRegen  0.09/turn              (no ring)

@: mighty, repel missiles
A: retaliatory headbutt, horns 2
a: no special abilities


You were on level 3 of the Dungeon.
You were not hungry.

You visited 1 branch of the dungeon, and saw 3 of its levels.

You collected 124 gold pieces.

Inventory:

Hand Weapons
 a - a +0 flail (weapon)
Missiles
 m - 18 bolts
 o - 21 poisoned needles
 q - 5 tomahawks (quivered)
Armour
 b - a +0 scale mail (worn)
 c - a +0 shield (worn)
 g - a +0 pair of gloves (worn)
 x - a scarf of repulsion (worn)
Jewellery
 j - a ring of ice (left hand)
Wands
 t - a wand of random effects (11)
Scrolls
 e - 3 scrolls of identify
 l - 2 scrolls of teleportation {unknown}
 n - 2 scrolls of immolation {unknown}
 p - 2 scrolls of magic mapping {unknown}
 r - a scroll of amnesia {unknown}
 s - a scroll of remove curse {unknown}
 v - a scroll of enchant armour {unknown}
Potions
 h - a potion of flight
 i - 3 potions of curing {unknown}
 u - a potion of berserk rage {unknown}
 w - a potion of haste {unknown}
Comestibles
 f - 6 rations
 k - 6 chunks of flesh


   Skills:
 + Level 4.4 Fighting
 + Level 4.2 Maces & Flails
 + Level 5.0 Armour
 + Level 4.7 Shields


You had 4 spell levels left.
You didn't know any spells.
Your spell library was empty.

Dungeon Overview and Level Annotations

Branches:
Dungeon (3/15)

Altars:
Dithmenos


Innate Abilities, Weirdness & Mutations

You reflexively headbutt those who attack you in melee.
You have a pair of horns on your head.


Message History

Something hits you.
* * * LOW HITPOINT WARNING * * *
You block the kobold's attack.
The orc hits you from afar with a trident.
* * * LOW HITPOINT WARNING * * *
Something hits you but does no damage.
You closely miss the kobold. Your headbutt misses the kobold.
The kobold is severely wounded.
The kobold hits you with a short sword.
* * * LOW HITPOINT WARNING * * *
The orc closely misses you. Something hits you.
* * * LOW HITPOINT WARNING * * *
You feel very mighty all of a sudden. The kobold closely misses you.
The orc hits you from afar with a trident.
* * * LOW HITPOINT WARNING * * *
Something hits you.
* * * LOW HITPOINT WARNING * * *
The kobold throws a stone.
The stone is repelled.
Something hits you.
You die...

##.##### #.....#
###.#.... .....####
#...#.### ..(....
#...#.... ....(
#...#....
#####..(######...#....
.................#....
%#.###....###......#....
.......@..# #...####....
......)...# #...# #....
.....o)K..###...########
.#...(<#............. #
#.....############## #
#..... # ....... #
....... # #...... #


You could see an orc and a kobold.

Vanquished Creatures
  An orc wizard (D:3)
  Natasha (thrice) (D:2)
  An adder (D:2)
  An ooze (D:1)
  2 worms
  2 leopard geckos
  6 orcs (D:3)
  7 giant cockroaches
  5 goblins
  3 hobgoblins
  3 quokkas
  A ball python (D:2)
  3 bats
  3 frilled lizards
  3 kobolds
  12 rats
56 creatures vanquished.

Vanquished Creatures (others)
  A goblin (D:3)
  A ball python (D:3)
2 creatures vanquished.

Grand Total: 58 creatures vanquished

Notes
Turn   | Place    | Note
-------+----------+-------------------------------------------
     0 | D:1      | Pisosu the Minotaur Fighter began the quest for the Orb.
     0 | D:1      | Reached XP level 1. HP: 19/19 MP: 0/0
   271 | D:1      | Reached XP level 2. HP: 27/27 MP: 1/1
   358 | D:1      | Reached skill level 4 in Armour
   732 | D:2      | Reached XP level 3. HP: 33/33 MP: 2/2
   917 | D:2      | Found a shadowy altar of Dithmenos.
   944 | D:2      | Noticed Natasha
   950 | D:2      | Killed Natasha
  1138 | D:2      | Noticed Natasha
  1154 | D:2      | Killed Natasha
  1154 | D:2      | Reached XP level 4. HP: 25/40 MP: 3/3
  1726 | D:2      | Noticed Natasha
  1737 | D:2      | Killed Natasha
  1785 | D:3      | Reached XP level 5. HP: 47/47 MP: 4/4
  1787 | D:3      | Reached skill level 5 in Armour
  1907 | D:3      | Slain by an orc wizard

Skill      XL: |  1  2  3  4  5 |
---------------+----------------+-----
Armour         | 4 5 |  5.0
Fighting       | 4 |  4.4
Shields        | 4 |  4.7
Maces & Flails | 3 4 |  4.2

Action                   |  1- 3 |  4- 6 || total
-------------------------+-------+-------++-------
Melee: Flail             |    93 |    60 ||   153
       Headbutt          |    14 |    10 ||    24
Throw: Tomahawk          |     7 |       ||     7
Evoke: Wand              |       |     1 ||     1
  Use: Scroll            |       |     1 ||     1
       Potion            |       |     1 ||     1
 Stab: Paralysed         |       |     1 ||     1
  Eat: Chunk             |       |     3 ||     3
Armor: Scale mail        |    36 |    19 ||    55
Dodge: Dodged            |    21 |    29 ||    50
       Deflected         |       |     2 ||     2
Block: Shield            |    45 |    31 ||    76
